AoeStats
← Jomp

Arena

506471214Analyzed
2v2 RM · 20d ago on Sep 13, 2026· 37m 49s· 4 players
Game mode
Random Map
Map size
Medium (4 player)
Population
200
Speed
Normal
Resources
Standard
Victory
Conquest
Starting age
Dark Age
Ending age
Imperial Age
RankedLock teamsTeams togetherTeam positionsShared explorationLock speedFull tech treeHidden civsTurbo modeCheats
Victory
Defeat
🇫🇷 Mongols · France
912
+15
🇬🇧 Britons · United Kingdom
912
+15
🇩🇪 Persians · Germany
1017
-19
🇩🇪 Chinese · Germany
776
-11
Jomp
10:33 Feudal Age
14:16 Castle Age
13:14 Stone Mining
13:42 Horse Collar
14:19 Loom
14:26 Double-Bit Axe
20:37 Scale Barding Armor
22:40 Husbandry
23:19 Bow Saw
29:20 Imperial Age
28:10 Bloodlines
27:58 Gold Mining
28:16 Heavy Plow
29:23 Chain Barding Armor
33:25 Wheelbarrow
36:13 Hand Cart
SternElf2500743
8:35 Loom
13:45 Feudal Age
14:12 Horse Collar
14:01 Man-at-Arms
15:43 Scale Mail Armor
17:22 Double-Bit Axe
19:08 Forging
21:28 Arson
23:18 Wheelbarrow
28:12 Castle Age
27:17 Gold Mining
27:22 Stone Mining
30:15 Bow Saw
30:04 Long Swordsman
35:24 Padded Archer Armor
35:15 Fletching
36:01 Iron Casting
35:42 Chain Mail Armor
djd1993
9:48 Feudal Age
10:21 Double-Bit Axe
19:13 Castle Age
18:04 Horse Collar
18:53 Fletching
20:11 Heavy Plow
20:25 Bow Saw
20:09 Gold Mining
20:17 Crossbowman
22:28 Bodkin Arrow
22:57 Ballistics
28:43 Gold Shaft Mining
31:07 Imperial Age
30:04 Wheelbarrow
31:40 Arbalester
32:31 Bracer
35:37 Murder Holes
36:43 Chemistry
37:04 Conscription
38:22 Yeomen
LeParpaing
10:30 Feudal Age
15:18 Castle Age
13:08 Loom
14:03 Wheelbarrow
17:23 Horse Collar
18:09 Double-Bit Axe
18:19 Loom
21:32 Stone Mining
24:44 Hand Cart
24:47 Bow Saw
24:41 Heavy Plow
26:06 Pikeman
27:33 Gold Mining
31:47 Padded Archer Armor
31:38 Fletching
33:15 Gold Shaft Mining
35:36 Imperial Age
34:38 Town Watch
35:22 Town Patrol
36:40 Conscription
36:43 Drill
36:50 Ballistics
37:30 Chemistry
36:29 Bodkin Arrow
36:41 Scale Barding Armor
36:32 Capped Ram
Connection lost

Rejoining the realm…

Still unreachable

The connection could not be restored.

Session expired

The server has moved on; the page needs a fresh start.